| TOP OF THE 1ST |
|
Toledo Mud Hens batting - Pitching for Rochester Red Wings : RHP Brian Bright
|
|
Pitching: RHP Brian Bright
|
|
|
Batting: RHB Brandon O'Malley
|
0-0: Ball 1-0: Called Strike 1-1: Called Strike 1-2: Ball 2-2: Ball 3-2: Strikes out swinging
|
|
Batting: RHB J.J. Basil
|
0-0: Ground out 5-3 (Groundball, 56S, EV 62.5 MPH)
|
|
Batting: LHB Jon Frederick
|
0-0: Ball 1-0: Ball 2-0: SINGLE (Groundball, 25, EV 77.5 MPH) (infield hit)
|
|
Batting: RHB Dan Becvar
|
0-0: Called Strike 0-1: SINGLE (Line Drive, 6M, EV 94.4 MPH) Jon Frederick to second
|
|
Batting: RHB Joel Miller
|
0-0: Ball Wild Pitch! Jon Frederick to third Dan Becvar to second 1-0: Swinging Strike 1-1: Called Strike 1-2: Strikes out swinging
|
| Top of the 1st over - 0 runs, 2 hits, 0 errors, 2 left on base; Toledo 0 - Rochester 0 |
| BOTTOM OF THE 1ST |
|
Rochester Red Wings batting - Pitching for Toledo Mud Hens : RHP Wayne McAllister
|
|
Pitching: RHP Wayne McAllister
|
|
|
Batting: RHB Cyril Husson
|
0-0: Foul Ball, location: 2F 0-1: Foul Ball, location: 2F 0-2: Strikes out swinging
|
|
Batting: SHB Ian Thompson
|
0-0: Called Strike 0-1: Called Strike 0-2: Ball 1-2: Ground out 4-3 (Groundball, 4, EV 101.2 MPH)
|
|
Batting: LHB Chris Munguia
|
0-0: Ground out 4-3 (Groundball, 34, EV 92.5 MPH)
|
| Bottom of the 1st over - 0 runs, 0 hits, 0 errors, 0 left on base; Toledo 0 - Rochester 0 |
| TOP OF THE 2ND |
|
Toledo Mud Hens batting - Pitching for Rochester Red Wings : RHP Brian Bright
|
|
Batting: RHB Keith Hoffman
|
0-0: Called Strike 0-1: Foul Ball, location: 2F 0-2: Ball 1-2: Ball 2-2: Ball 3-2: Foul Ball, location: 2F 3-2: Foul Ball, location: 2F 3-2: Strikes out swinging
|
|
Batting: RHB Aaron Cusick
|
0-0: Called Strike 0-1: Foul Ball, location: 2F 0-2: DOUBLE (Flyball, 9LD, EV 113.8 MPH)
|
|
Batting: SHB Scott Bartholomew
|
0-0: Ball 1-0: Ball 2-0: SINGLE (Groundball, 5L, EV 107.5 MPH) (infield hit) Aaron Cusick to third
|
|
Batting: SHB Chris Wagler
|
0-0: Called Strike 0-1: Ball 1-1: Swinging Strike 1-2: Strikes out swinging
|
|
Batting: RHB Brandon O'Malley
|
0-0: Ball 1-0: Foul Ball, location: 2F 1-1: Foul Ball, location: 2F 1-2: Strikes out swinging
|
| Top of the 2nd over - 0 runs, 2 hits, 0 errors, 2 left on base; Toledo 0 - Rochester 0 |
| BOTTOM OF THE 2ND |
|
Rochester Red Wings batting - Pitching for Toledo Mud Hens : RHP Wayne McAllister
|
|
Batting: SHB Dan Morataya
|
0-0: Called Strike 0-1: Foul Ball, location: 2F 0-2: Foul Ball, location: 2F 0-2: Ball 1-2: Strikes out swinging, 2-3 out at first.
|
|
Batting: RHB Juan Espinoza
|
0-0: Swinging Strike 0-1: Foul Ball, location: 2F 0-2: Strikes out swinging
|
|
Batting: SHB Manny Molina
|
0-0: Called Strike 0-1: Ground out 2-3 (Groundball, 2L, EV 66.2 MPH)
|
| Bottom of the 2nd over - 0 runs, 0 hits, 0 errors, 0 left on base; Toledo 0 - Rochester 0 |
| TOP OF THE 3RD |
|
Toledo Mud Hens batting - Pitching for Rochester Red Wings : RHP Brian Bright
|
|
Batting: RHB J.J. Basil
|
0-0: Ball 1-0: Ground out 5-3 (Groundball, 56S, EV 84.4 MPH)
|
|
Batting: LHB Jon Frederick
|
0-0: Ball 1-0: Ball 2-0: Called Strike 2-1: Foul Ball, location: 2F 2-2: Foul Ball, location: 2F 2-2: Ball 3-2: Strikes out looking
|
|
Batting: RHB Dan Becvar
|
0-0: Ball 1-0: Fly out, F3 (Popup, 3F, EV 56.9 MPH)
|
| Top of the 3rd over - 0 runs, 0 hits, 0 errors, 0 left on base; Toledo 0 - Rochester 0 |
| BOTTOM OF THE 3RD |
|
Rochester Red Wings batting - Pitching for Toledo Mud Hens : RHP Wayne McAllister
|
|
Batting: RHB Manuel Juarez
|
0-0: Ball 1-0: Swinging Strike 1-1: Ground out 6-3 (Groundball, 6, EV 108.1 MPH)
|
|
Batting: RHB Ryan Gautney
|
0-0: Ball 1-0: Called Strike 1-1: Called Strike 1-2: Strikes out swinging
|
|
Batting: RHB Ratko Macura
|
0-0: Called Strike 0-1: Ball 1-1: Foul Ball, location: 2F 1-2: Strikes out swinging
|
| Bottom of the 3rd over - 0 runs, 0 hits, 0 errors, 0 left on base; Toledo 0 - Rochester 0 |
| TOP OF THE 4TH |
|
Toledo Mud Hens batting - Pitching for Rochester Red Wings : RHP Brian Bright
|
|
Batting: RHB Joel Miller
|
0-0: Foul Ball, location: 2F 0-1: Ball 1-1: Foul Ball, location: 2F 1-2: Strikes out looking
|
|
Batting: RHB Keith Hoffman
|
0-0: Ball 1-0: Ground out 5-3 (Groundball, 5, EV 81.9 MPH)
|
|
Batting: RHB Aaron Cusick
|
0-0: Called Strike 0-1: Ball 1-1: Foul Ball, location: 2F 1-2: Ball 2-2: Ball 3-2: Ground out 5-3 (Groundball, 56, EV 87.5 MPH)
|
| Top of the 4th over - 0 runs, 0 hits, 0 errors, 0 left on base; Toledo 0 - Rochester 0 |
| BOTTOM OF THE 4TH |
|
Rochester Red Wings batting - Pitching for Toledo Mud Hens : RHP Wayne McAllister
|
|
Batting: RHB Cyril Husson
|
0-0: Called Strike 0-1: Bunt for hit to 25 - play at first, batter safe!
|
|
Batting: SHB Ian Thompson
|
0-0: Hit by Pitch Cyril Husson to second
|
|
Batting: LHB Chris Munguia
|
0-0: Swinging Strike 0-1: Foul Ball, location: 2F 0-2: Strikes out swinging
|
|
Batting: SHB Dan Morataya
|
0-0: Ball 1-0: Ball 2-0: Ball 3-0: Called Strike 3-1: Swinging Strike 3-2: Foul Ball, location: 2F 3-2: Fielders Choice at 2nd, 3-6 (Groundball, 34, EV 105.0 MPH) Cyril Husson to third
|
|
Batting: RHB Juan Espinoza
|
0-0: Called Strike 0-1: Ball 1-1: Swinging Strike 1-2: Ball 2-2: Ball 3-2: SINGLE (Groundball, 4M, EV 105.0 MPH) (infield hit) Cyril Husson scores Dan Morataya to second
|
|
Batting: SHB Manny Molina
|
0-0: Foul Ball, location: 2F 0-1: Ball 1-1: DOUBLE (Line Drive, 9LM, EV 93.1 MPH) Dan Morataya scores Juan Espinoza to third
|
|
Batting: RHB Manuel Juarez
|
0-0: Swinging Strike 0-1: Foul Ball, location: 2F 0-2: Ball 1-2: Ball 2-2: Foul Ball, location: 2F 2-2: Foul Ball, location: 2F 2-2: Ball 3-2: Foul Ball, location: 2F 3-2: Strikes out swinging
|
| Bottom of the 4th over - 2 runs, 3 hits, 0 errors, 2 left on base; Toledo 0 - Rochester 2 |
| TOP OF THE 5TH |
|
Toledo Mud Hens batting - Pitching for Rochester Red Wings : RHP Brian Bright
|
|
Batting: SHB Scott Bartholomew
|
0-0: Called Strike 0-1: Ball 1-1: Foul Ball, location: 2F 1-2: Ball 2-2: Foul Ball, location: 2F 2-2: Strikes out swinging, 2-3 out at first.
|
|
Batting: SHB Chris Wagler
|
0-0: DOUBLE (Line Drive, 78D, EV 113.8 MPH)
|
|
Batting: RHB Brandon O'Malley
|
0-0: Called Strike 0-1: Ball 1-1: Ball 2-1: Ball 3-1: Base on Balls
|
|
Batting: RHB J.J. Basil
|
0-0: SINGLE (Groundball, 13S, EV 65.6 MPH) (infield hit) Chris Wagler to third Brandon O'Malley to second
|
|
Batting: LHB Jon Frederick
|
0-0: Called Strike 0-1: Foul Ball, location: 2F 0-2: Ball 1-2: Strikes out swinging
|
|
Batting: RHB Dan Becvar
|
0-0: Called Strike 0-1: Foul Ball, location: 2F 0-2: Ball 1-2: Ball 2-2: Foul Ball, location: 2F 2-2: Strikes out swinging
|
| Top of the 5th over - 0 runs, 2 hits, 0 errors, 3 left on base; Toledo 0 - Rochester 2 |
| BOTTOM OF THE 5TH |
|
Rochester Red Wings batting - Pitching for Toledo Mud Hens : RHP Wayne McAllister
|
|
Batting: RHB Ryan Gautney
|
0-0: SINGLE (Groundball, 6D, EV 102.5 MPH)
|
|
Batting: RHB Ratko Macura
|
0-0: SINGLE (Groundball, 6D, EV 101.2 MPH) Ryan Gautney to second
|
|
Batting: RHB Cyril Husson
|
0-0: Called Strike 0-1: Ball 1-1: Called Strike 1-2: Ball 2-2: Ball 3-2: Foul Ball, location: 2F 3-2: Foul Ball, location: 2F 3-2: Fly out, F8 (Flyball, 8RD, EV 100.0 MPH)
|
|
Batting: SHB Ian Thompson
|
0-0: Called Strike 0-1: Grounds into double play, 6-4-3 (Groundball, 6, EV 79.4 MPH)
|
| Bottom of the 5th over - 0 runs, 2 hits, 0 errors, 1 left on base; Toledo 0 - Rochester 2 |
| TOP OF THE 6TH |
|
Toledo Mud Hens batting - Pitching for Rochester Red Wings : RHP Brian Bright
|
|
Batting: RHB Joel Miller
|
0-0: Ball 1-0: SINGLE (Groundball, 6MD, EV 109.4 MPH)
|
|
Batting: RHB Keith Hoffman
|
0-0: Foul Ball, location: 2F 0-1: Called Strike 0-2: Ball 1-2: Foul Ball, location: 2F 1-2: Ball 2-2: Foul Ball, location: 2F 2-2: Grounds into double play, 5-4-3 (Groundball, 56S, EV 81.2 MPH)
|
|
Batting: RHB Aaron Cusick
|
0-0: Called Strike 0-1: Ball 1-1: Ground out 6-3 (Groundball, 6, EV 76.9 MPH)
|
| Top of the 6th over - 0 runs, 1 hit, 0 errors, 0 left on base; Toledo 0 - Rochester 2 |
| BOTTOM OF THE 6TH |
|
Rochester Red Wings batting - Pitching for Toledo Mud Hens : RHP Wayne McAllister
|
|
Batting: LHB Chris Munguia
|
0-0: Foul Ball, location: 2F 0-1: Swinging Strike 0-2: Ball 1-2: Strikes out looking
|
|
Batting: SHB Dan Morataya
|
0-0: Ball 1-0: Foul Ball, location: 2F 1-1: Ball 2-1: Called Strike 2-2: Ball 3-2: Foul Ball, location: 2F 3-2: Foul Ball, location: 2F 3-2: Base on Balls
|
|
Batting: RHB Juan Espinoza
|
0-0: Called Strike 0-1: Foul Ball, location: 2F 0-2: Ball 1-2: Ball 2-2: Strikes out swinging
|
|
Batting: SHB Manny Molina
|
0-0: Ball 1-0: Fly out, F8 (Flyball, 89D, EV 105.0 MPH)
|
| Bottom of the 6th over - 0 runs, 0 hits, 0 errors, 1 left on base; Toledo 0 - Rochester 2 |
| TOP OF THE 7TH |
|
Toledo Mud Hens batting - Pitching for Rochester Red Wings : RHP Brian Bright
|
|
Batting: SHB Scott Bartholomew
|
0-0: Ball 1-0: Ball 2-0: Ground out U3 (Groundball, 3L, EV 78.1 MPH)
|
|
Batting: SHB Chris Wagler
|
0-0: Foul Ball, location: 2F 0-1: Ball 1-1: Foul Ball, location: 2F 1-2: Ball 2-2: Strikes out swinging
|
|
Batting: RHB Brandon O'Malley
|
0-0: Ball 1-0: Swinging Strike 1-1: Foul Ball, location: 2F 1-2: Ball 2-2: Foul Ball, location: 2F 2-2: Fly out, F7 (Flyball, 7, EV 88.1 MPH)
|
| Top of the 7th over - 0 runs, 0 hits, 0 errors, 0 left on base; Toledo 0 - Rochester 2 |
| BOTTOM OF THE 7TH |
|
Rochester Red Wings batting - Pitching for Toledo Mud Hens : RHP Wayne McAllister
|
|
Batting: RHB Manuel Juarez
|
0-0: Foul Ball, location: 2F 0-1: Foul Ball, location: 2F 0-2: SINGLE (Groundball, 6MD, EV 98.1 MPH)
|
|
Batting: RHB Ryan Gautney
|
0-0: Ball Manuel Juarez is caught stealing 2nd base 2-4 1-0: Called Strike 1-1: Ball 2-1: Foul Ball, location: 2F 2-2: Ball 3-2: Strikes out swinging
|
|
Batting: RHB Ratko Macura
|
0-0: Ball 1-0: Ball 2-0: Ball 3-0: Base on Balls
|
|
Batting: RHB Cyril Husson
|
0-0: Ball 1-0: Ball 2-0: Ball 3-0: Foul Ball, location: 2F 3-1: Foul Ball, location: 2F 3-2: Base on Balls Ratko Macura to second
|
|
Pitching: RHP Luis Brown
|
|
|
Batting: SHB Ian Thompson
|
0-0: Ball 1-0: Fly out, F9 (Flyball, 9S, EV 94.4 MPH)
|
| Bottom of the 7th over - 0 runs, 1 hit, 0 errors, 2 left on base; Toledo 0 - Rochester 2 |
| TOP OF THE 8TH |
|
Toledo Mud Hens batting - Pitching for Rochester Red Wings : RHP Brian Bright
|
|
Pitching: LHP Brian Walters
|
|
|
Batting: RHB J.J. Basil
|
0-0: Ball 1-0: Called Strike 1-1: Called Strike 1-2: Foul Ball, location: 2F 1-2: Ball 2-2: Strikes out swinging
|
|
Pinch Hitting: RHB Willis Morales
|
0-0: Called Strike 0-1: Called Strike 0-2: Ball 1-2: Ball 2-2: Strikes out swinging
|
|
Batting: RHB Dan Becvar
|
0-0: Ball 1-0: Foul Ball, location: 2F 1-1: Foul Ball, location: 2F 1-2: Strikes out swinging
|
| Top of the 8th over - 0 runs, 0 hits, 0 errors, 0 left on base; Toledo 0 - Rochester 2 |
| BOTTOM OF THE 8TH |
|
Rochester Red Wings batting - Pitching for Toledo Mud Hens : RHP Luis Brown
|
|
Pitching: RHP Chris Kimura
|
|
|
Now in LF: Brandon O'Malley
|
|
|
Now in CF: Bill Ford
|
|
|
Batting: LHB Chris Munguia
|
0-0: Swinging Strike 0-1: Fly out, F9 (Flyball, 9D, EV 81.9 MPH)
|
|
Batting: SHB Dan Morataya
|
0-0: Ball 1-0: Ball 2-0: Called Strike 2-1: DOUBLE (Flyball, 89XD, EV 103.8 MPH)
|
|
Batting: RHB Juan Espinoza
|
0-0: Ball 1-0: Ball Wild Pitch! Dan Morataya to third 2-0: Called Strike 2-1: Ball 3-1: Base on Balls
|
|
Batting: SHB Manny Molina
|
0-0: Swinging Strike 0-1: Called Strike 0-2: Reached on error, E3 (Groundball, 3, EV 103.1 MPH) Dan Morataya scores Juan Espinoza to second
|
|
Batting: RHB Manuel Juarez
|
0-0: SINGLE (Groundball, 34D, EV 101.9 MPH) Juan Espinoza to third Manny Molina to second Runner from 3rd tries for Home, SAFE, throw by RF to home
|
|
Batting: RHB Ryan Gautney
|
0-0: Ball 1-0: Called Strike 1-1: Grounds into double play, 5-4-3 (Groundball, 56S, EV 88.8 MPH)
|
| Bottom of the 8th over - 2 runs, 2 hits, 1 error, 1 left on base; Toledo 0 - Rochester 4 |
| TOP OF THE 9TH |
|
Toledo Mud Hens batting - Pitching for Rochester Red Wings : LHP Brian Walters
|
|
Batting: RHB Joel Miller
|
0-0: Foul Ball, location: 2F 0-1: Ground out 4-3 (Groundball, 4MS, EV 74.4 MPH)
|
|
Batting: RHB Keith Hoffman
|
0-0: Swinging Strike 0-1: Foul Ball, location: 2F 0-2: Strikes out swinging
|
|
Batting: RHB Aaron Cusick
|
0-0: Fly out, F9 (Flyball, 9LS, EV 81.2 MPH)
|
| Top of the 9th over - 0 runs, 0 hits, 0 errors, 0 left on base; Toledo 0 - Rochester 4 |
|